 Dungeon Crawl Stone Soup version 0.19-a0-432-ga842108 (webtiles) character file.

59 JInAPerfectWorld the Vexing (level 3, -2/15 HPs)
             Began as a Felid Enchanter on May 31, 2016.
             Slain by Purgy (8 damage)
             ... on level 3 of the Dungeon.
             The game lasted 00:19:53 (866 turns).

JInAPerfectWorld the Vexing (Felid Enchanter)        Turns: 866, Time: 00:19:53

Health: -2/15      AC:  1    Str:  5    XL:     3   Next: 78%
Magic:  1/7        EV: 18    Int: 16    God:
Gold:   127        SH:  4    Dex: 16    Spells: 2 memorised, 3 levels left
                                        Lives:  0   Deaths: 0

rFire  . . .     SeeInvis +       - Unarmed
rCold  . . .     Gourm    .     (armour unavailable)
rNeg   . . .     Faith    .     (shield unavailable)
rPois  .         Spirit   .     (helmet unavailable)
rElec  .         Dismiss  .     (cloak unavailable)
rCorr  .         Reflect  +     (gloves unavailable)
SustAt .         Harm     .     (boots unavailable)
MR     .....                    e - +4 amulet of reflection
Stlth  +++.......               (no ring)
                                (no ring)

@: quick, not resistant to hostile enchantments, fairly stealthy
A: no armour, no weapons or thrown items, claws 1, fangs 3, see invisible,
carnivore 3, speed 1, shaggy fur 1, slow metabolism 1, sharp paws
a: no special abilities


You were on level 3 of the Dungeon.
You were completely stuffed.

You visited 1 branch of the dungeon, and saw 4 of its levels.

You collected 127 gold pieces.

Inventory:

Jewellery
 e - a +4 amulet of reflection (around neck)
 g - an uncursed amulet of the gourmand
Scrolls
 i - a scroll of fog {unknown}
 k - 2 scrolls of immolation {unknown}
 m - a scroll of teleportation {unknown}
 o - a scroll of enchant armour {unknown}
 s - a scroll of random uselessness {unknown}
 t - a scroll of identify
Potions
 c - 2 potions of invisibility {unknown}
 d - 2 potions of curing {unknown}
 f - a potion of degeneration {unknown}
 j - a potion of cure mutation {unknown}
 n - a potion of might {unknown}
 p - 3 potions of heal wounds {unknown}
 q - a potion of ambrosia {unknown}
Books
 a - a book of Maledictions

   Spells                             Type                      Level
   a - Corona                         Hexes                        1
   b - Ensorcelled Hibernation        Hexes/Ice                    2
   c - Confuse                        Hexes                        3
   d - Tukima's Dance                 Hexes                        3
   e - Dazzling Spray                 Conjuration/Hexes            3
Comestibles
 b - a meat ration
 h - 2 slices of pizza
 l - a beef jerky
 r - 3 chunks of flesh


   Skills:
 * Level 0.8 Fighting
 + Level 3.2 Dodging
 + Level 4.5 Stealth
 + Level 1.6 Unarmed Combat
 + Level 2.3 Spellcasting
 + Level 5.1 Hexes
 * Level 0.5 Ice Magic


You had 3 spell levels left.
You knew the following spells:

 Your Spells              Type           Power        Failure   Level  Hunger
a - Corona                Hex            ###....      2%          1    #......
b - Ensorcelled Hibernat  Hex/Ice        ##....       12%         2    ###....


Dungeon Overview and Level Annotations

Branches:
Dungeon (4/15)
 Temple: D:4-7

Altars:
Nemelex Xobeh
Qazlal
Yredelemnul
The Shining One

Annotations:
D:3 1 exclusion, Natasha, Purgy


Innate Abilities, Weirdness & Mutations

You cannot wear armour.
You are incapable of wielding weapons or throwing items.
You have sharp claws.
You have razor-sharp teeth.
You have supernaturally acute eyesight. (SInv)
You are carnivorous and can eat meat at any time.
You cover ground quickly.
You are covered in fur. (AC +1)
You have a slow metabolism.
Your sharp claws are effective at attacking unaware monsters.


Message History

There is an open door here.
The helpless Purgy fails to defend himself.
You claw Purgy! You claw Purgy.
Purgy is severely wounded.
Purgy bites you. Purgy closely misses you. Purgy completely misses you.
Casting: Ensorcelled Hibernation
Confirm with . or Enter, or press ? or * to list all spells.
Aiming: Ensorcelled Hibernation
Press: ? - help, Shift-Dir - straight line, f - Purgy
Aim: Purgy (severely wounded, chance to defeat MR: 50%) Purgy resists with some effort.
Purgy closely misses you. Purgy claws you but does no damage. Purgy claws you.
You scratch Purgy.
Purgy is severely wounded.
Purgy misses you. You block Purgy's attack. Purgy closely misses you.
You barely miss Purgy.
Purgy is severely wounded.
Purgy bites you!
Ouch! That really hurt!
You die...

# # .. # ... .... ..
....#####.##
........#..#
.....!..##.#
.......T##.###+######
.......@##..#.......#
....................#
####................#
###.........######
#..###'##.# #..#
#..#.# +...# ##.#.#
##### #.#.# #...#


You could see Purgy.

Vanquished Creatures
  Jessica (D:3)
  An adder (D:3)
  A dart slug (D:2)
  A giant gecko (D:3)
  An orc (D:3)
  2 ball pythons (D:1)
  3 bats
  A giant cockroach (D:3)
  A goblin (D:1)
  2 hobgoblins (D:1)
  A jackal (D:2)
  2 kobolds
  A giant newt (D:3)
  A rat (D:3)
19 creatures vanquished.

Notes
Turn   | Place    | Note
--------------------------------------------------------------
     0 | D:1      | JInAPerfectWorld the Felid Enchanter began the quest for the Orb.
     0 | D:1      | Reached XP level 1. HP: 7/7 MP: 4/4
   456 | D:1      | Reached XP level 2. HP: 12/12 MP: 6/6
   575 | D:2      | Learned a level 2 spell: Ensorcelled Hibernation
   617 | D:2      | Found a glowing golden altar of the Shining One.
   630 | D:2      | Found a basalt altar of Yredelemnul.
   649 | D:2      | Found a stormy altar of Qazlal.
   652 | D:2      | Found a sparkling altar of Nemelex Xobeh.
   697 | D:3      | Noticed Natasha
   772 | D:3      | Noticed Jessica
   779 | D:3      | Killed Jessica
   779 | D:3      | Reached skill level 5 in Hexes
   779 | D:3      | Reached XP level 3. HP: 15/15 MP: 5/7
   858 | D:3      | Noticed Purgy
   866 | D:3      | Slain by Purgy

Vault maps used:
D:1:      minmay_arrival_jagged
D:2:      grunt_temple_overflow_cloverleaf
D:3:      led_sif_pool, uniq_purgy, uniq_robin, uniq_natasha, uniq_jessica

Skill      XL: |  1  2 |
---------------+-------+-----
Dodging        | 3 |  3.2
Hexes          | 5 |  5.1
Fighting       | |  0.8
Stealth        | |  4.5
Unarmed Combat | |  1.6
Spellcasting   | |  2.3
Ice Magic      | |  0.5

Action                   || total
-------------------------++-------
Melee: Unarmed           ||    51
       Bite              ||     2
       Punch             ||     1
 Cast: Corona            ||     2
       Ensorcelled Hiber ||     7
  Use: Scroll            ||     1
 Stab: Sleeping          ||    14
  Eat: Chunk             ||     8
Armor: Skin              ||     2
Dodge: Dodged            ||    39
Block: Other             ||     6
